 Dungeon Crawl Stone Soup version 0.27-a0-1081-ge8a0a9c698 (webtiles) character file.

Game seed: 1470578526608010811

93 shoop the Shooter (level 4, 0/37 HPs)
             Began as a Barachi Hunter on Apr 26, 2021.
             Slain by a gnoll shaman
             ... wielding a +0 whip
              (1 damage)
             ... on level 3 of the Dungeon.
             The game lasted 00:04:02 (2351 turns).

shoop the Shooter (Barachi Hunter)                  Turns: 2351, Time: 00:04:03

Health: 0/37       AC:  7    Str: 14    XL:     4   Next: 62%
Magic:  4/4        EV:  9    Int: 11    God:
Gold:   90         SH:  0    Dex: 13    Spells: 3/3 levels left

rFire    . . .     SeeInvis .   a - +1 shortbow
rCold    . . .     Faith    .   (shield currently unavailable)
rNeg     . . .     Spirit   .   o - +1 scale mail {Will+}
rPois    .         Reflect  .   (no helmet)
rElec    .         Harm     .   (no cloak)
rCorr    .         Rampage  .   (no gloves)
Will     +....                  (no boots)
Stlth    ..........             (no amulet)
HPRegen  0.12/turn              (no ring)
MPRegen  0.09/turn              (no ring)

@: unable to hop, attractive, slow
A: amphibious, slowness 1, strong legs 1, +LOS
a: Hop


You were on level 3 of the Dungeon.
You visited 1 branch of the dungeon, and saw 3 of its levels.

You collected 90 gold pieces.

Inventory:

Hand Weapons
 a - a +1 shortbow (weapon)
 b - a +0 whip of electrocution
 p - a +0 short sword
Missiles
 d - 17 arrows (quivered ammo)
Armour
 c - a +0 leather armour
 o - a +1 scale mail of willpower (worn)
Scrolls
 e - a scroll of fog {unknown}
 f - 2 scrolls of brand weapon {unknown}
 h - a scroll of teleportation {unknown}
 i - a scroll of noise {unknown}
 j - 3 scrolls of identify {unknown}
 k - a scroll of enchant armour {unknown}
Potions
 l - a potion of brilliance {unknown}
 m - a potion of degeneration {unknown}
 n - a potion of invisibility {unknown}


   Skills:
 + Level 3.6 Fighting
 * Level 5.2 Bows
 + Level 1.1 Armour
 - Level 2.1 Dodging
 - Level 1.0 Stealth


You had 3 spell levels left.
You didn't know any spells.
Your spell library contained the following spells:

 Spells                   Type           Power      Damage    Failure   Level
 Corona                   Hex            0%         N/A       83%         1
 Ensorcelled Hibernation  Hex/Ice        0%         N/A       93%         2
 Confusing Touch          Hex            0%         N/A       99%         3
 Dazzling Flash           Conj/Hex       0%         N/A       99%         3
 Tukima's Dance           Hex            0%         N/A       99%         3


Dungeon Overview and Level Annotations

Branches:
Dungeon (3/15)

Altars:


Innate Abilities, Weirdness & Mutations

You are amphibious.
You cover ground slowly.
You can hop short distances.
You have an extended range of vision and can be seen from far away.


Message History

You hit the jackal but do no damage.
The jackal is heavily wounded.
The jackal barely misses you.
You closely miss the jackal.
The jackal is heavily wounded.
The jackal closely misses you. x2
You hit the jackal but do no damage. Lightning courses through the jackal!
You kill the jackal!
You hit the jackal. Lightning courses through the jackal!
You kill the jackal!
The gnoll hits you from afar with a +0 spear.
Hop to where?
Press: ? - help, Dir - move target Boing!
A gnoll comes into view. It is wielding a +0 whip.
The gnoll shaman calls down the wrath of its god upon you.
You resist with almost no effort.
Found 30 sling bullets.
You closely miss the gnoll. The gnoll hits you with a +0 flail.
You hit the gnoll.
The gnoll is moderately wounded.
The gnoll hits you with a +0 flail!
You barely miss the gnoll shaman. You barely miss the gnoll shaman.
The gnoll shaman hits you with a +0 whip!
The gnoll shaman calls upon its god to speed up the gnoll.
The gnoll seems to speed up.
Your +0 whip of electrocution stops crackling.
a - a +1 shortbow (weapon)
Fire: 18 arrows
Press: ? - help, Q - select action, (/) - cycle Shift-Dir - straight line, f - gnoll shaman
Aim: a gnoll shaman, wielding a +0 whip and wearing a +0 leather armour (65% to hit)
You shoot an arrow. The arrow hits the gnoll shaman.
The gnoll shaman is moderately wounded.
The gnoll shaman hits you with a +0 whip!
* * * LOW HITPOINT WARNING * * *
It was a potion of attraction.
You feel attractive to monsters.
The gnoll shaman hits you with a +0 whip.
You die...

# #.# # #.#.#.#
.#.#. ... #.#
####.########
...†........#
..###..####.#######
#.# #..#....gggg@.#
#.# #..).##.#####.#
#.# #.......## .#
#.# #........# (.
..# #........# ###
### ##....##.#
#.##.##g# #.......#
####.##.g


You could see a gnoll shaman and 3 gnolls.

Vanquished Creatures
  Terence (D:2)
  An adder (D:2)
  A worm (D:3)
  2 dart slugs (D:1)
  3 ball pythons
  2 bats
  2 endoplasms
  A giant cockroach (D:1)
  7 hobgoblins (D:1)
  10 jackals
  4 kobolds
  A quokka (D:1)
  3 frilled lizards
  3 goblins
  5 rats
46 creatures vanquished.

Notes
Turn   | Place    | Note
-------+----------+-------------------------------------------
     0 | D:1      | shoop the Barachi Hunter began the quest for the Orb.
     0 | D:1      | Reached XP level 1. HP: 17/17 MP: 1/1
    22 | D:1      | Reached skill level 1 in Stealth
    53 | D:1      | Reached XP level 2. HP: 14/23 MP: 2/2
   300 | D:1      | Reached skill level 1 in Armour
   625 | D:1      | Reached XP level 3. HP: 28/28 MP: 3/3
  1911 | D:2      | Noticed Terence
  1922 | D:2      | Killed Terence
  1923 | D:2      | Reached skill level 5 in Bows
  1923 | D:2      | Reached XP level 4. HP: 21/35 MP: 4/4
  2350 | D:3      | HP: 1/37 [gnoll shaman/+0 whip (11)]
  2351 | D:3      | Slain by a gnoll shaman

Illustrated notes

Levels and vault maps discovered:
D:1:      amcnicky_arrival_choice, layout_basic
D:2:      layout_rooms, serial_rivers, chequers_serial_rivers_large_a,
          chequers_serial_rivers_micro_e, chequers_serial_rivers_micro_a,
          chequers_serial_rivers_room_a, chequers_serial_rivers_micro_c,
          chequers_serial_rivers_micro_a, uniq_terence
D:3:      layout_loops_cross, ebering_ecumenical_altar_rust

Skill      XL: |  1  2  3 |
---------------+----------+-----
Stealth        | 1 |  1.0
Armour         | 1 |  1.1
Fighting       | 3 |  3.6
Bows           | 5 |  5.2
Dodging        | |  2.1

Action                   |  1- 3 |  4- 6 || total
-------------------------+-------+-------++-------
Melee: Short sword       |   137 |       ||   137
       Whip              |       |    47 ||    47
 Fire: Shortbow          |    22 |     1 ||    23
 Abil: Hop               |       |     1 ||     1
  Use: Potion            |       |     1 ||     1
Armor: Leather armour    |    37 |       ||    37
       Scale mail        |       |    18 ||    18
Dodge: Dodged            |   105 |    28 ||   133

Table legend: (Time is in decaauts)
 A = Elapsed time spent in this place.
 B = Non-inter-level travel time spent in this place.
 C = Inter-level travel time spent in this place.
 D = Time resting spent in this place.
 E = Time spent auto-exploring this place.
 F = Levels seen in this place.
 G = Mean time per level.
                   A        B        C        D        E       F      G
               +--------+--------+--------+--------+--------+-----+--------+
         Total |   2590 |   2546 |     44 |    319 |   1771 |   3 |  863.3 |
       Dungeon |   2590 |   2546 |     44 |    319 |   1771 |   3 |  863.3 |
               +--------+--------+--------+--------+--------+-----+--------+

Top non-repeatable levels by time:
     D:1: 1576 daAuts
     D:2: 756 daAuts
     D:3: 257 daAuts
